 Dungeon Crawl Stone Soup version 0.28.0-45-g0d030f2227 (webtiles) character file.

Game seed: 16525777234229707295

191 psko the Magician (level 5, -1/24 HPs)
             Began as a Spriggan Conjurer on Apr 3, 2022.
             Was an Initiate of Sif Muna.
             Slain by a gnoll
             ... wielding a +0 flail
              (12 damage)
             ... on level 3 of the Dungeon.
             The game lasted 00:28:01 (4849 turns).

psko the Magician (Spriggan Conjurer)               Turns: 4849, Time: 00:28:02

Health: -1/24      AC:  2    Str:  5    XL:     5   Next: 42%
Magic:  1/13       EV: 16    Int: 22    God:    Sif Muna [......]
Gold:   203        SH:  0    Dex: 13    Spells: 12/13 levels left

rFire   . . .      SeeInvis +   m - +4 quarterstaff (freeze)
rCold   . . .      Faith    .   (shield currently unavailable)
rNeg    . . .      Spirit   .   a - +0 robe
rPois   .          Reflect  .   (helmet restricted)
rElec   .          Harm     .   (no cloak)
rCorr   .          Rampage  .   (gloves unavailable)
Will    .....                   (boots unavailable)
Stlth   ++........              q - amulet of the acrobat
HPRegen 0.08/turn               r - ring of wizardry
MPRegen 0.13/turn               (no ring)

@: very quick
A: very small, no large weapons, unfitting armour, see invisible, speed 3,
clever 1, sturdy frame 1
a: Renounce Religion


You were on level 3 of the Dungeon.
You worshipped Sif Muna.
Sif Muna was noncommittal.
You visited 2 branches of the dungeon, and saw 5 of its levels.

You collected 203 gold pieces.

Inventory:

Hand Weapons
 c - a +1 dagger of venom
 m - a +4 quarterstaff of freezing (weapon)
Missiles
 i - 2 poisoned darts
Armour
 a - a +0 robe (worn)
 h - a +2 helmet
 l - a +0 leather armour
 p - a +0 pair of boots
Jewellery
 q - an amulet of the acrobat (around neck)
 r - a ring of wizardry (left hand)
Wands
 o - a wand of iceblast (5)
Scrolls
 b - a scroll of summoning
 g - a scroll of amnesia
 j - 2 scrolls of teleportation
 t - a scroll of blinking
 u - a scroll of immolation {unknown}
Potions
 d - 2 potions of haste
 e - 2 potions of lignification
 f - a potion of magic
 k - a potion of brilliance
 n - a potion of mutation
 s - a potion of resistance


   Skills:
 + Level 3.1(1.5) Dodging
 + Level 3.4(1.7) Stealth
 + Level 0.3(0.1) Unarmed Combat
 + Level 4.8(2.4) Spellcasting
 + Level 4.1(2.0) Conjurations


You had 12 spell levels left.
You knew the following spells:

 Your Spells              Type           Power      Damage    Failure   Level
a - Magic Dart            Conj           44%        1d5       2%          1

Your spell library contained the following spells:

 Spells                   Type           Power      Damage    Failure   Level
 Searing Ray              Conj           22%        2d5       3%          2
 Dazzling Flash           Conj/Hex       14%        N/A       11%         3
 Fulminant Prism          Conj/Hex       3%         3d6       32%         4
 Iskenderun's Mystic Bla  Conj/Tloc      7%         2d4       32%         4


Dungeon Overview and Level Annotations

Branches:
Dungeon (4/15)             Temple (1/1) D:4

Altars:
Ashenzari
Cheibriados
Dithmenos
Elyvilon
Fedhas
Gozag
Hepliaklqana
Kikubaaqudgha
Makhleb
Nemelex Xobeh
Okawaru
Qazlal
Ru
Sif Muna
Trog
Uskayaw
Wu Jian
Xom
Yredelemnul
Zin
The Shining One

Shops:
D:1 (


Innate Abilities, Weirdness & Mutations

You are very small and have problems with some larger weapons.
You are too small for most types of armour.
You have supernaturally acute eyesight. (SInv)
You cover ground extremely quickly. (Speed+++)
Your mind is acute. (Int +2)
Your movements are slightly less encumbered by armour. (ER -2)


Message History

The magic dart hits the gnoll but does no damage.
The gnoll is lightly wounded.
Casting: Magic Dart (safe; 2% risk of failure)
Confirm with . or Enter, or press ? or * to list all spells.
Aiming: Magic Dart (safe; 2% risk of failure)
Press: ? - help, Shift-Dir - straight line, f/p - gnoll
Aim: a gnoll, wielding a +0 flail (lightly wounded, 100% to hit)
The magic dart hits the gnoll.
The gnoll is moderately wounded.
Casting: Magic Dart (safe; 2% risk of failure)
Confirm with . or Enter, or press ? or * to list all spells.
Aiming: Magic Dart (safe; 2% risk of failure)
Press: ? - help, Shift-Dir - straight line, f/p - gnoll
Aim: a gnoll, wielding a +0 flail (moderately wounded, 100% to hit)
The magic dart hits the gnoll.
The gnoll is severely wounded.
The gnoll barely misses you.
There is a stone staircase leading up here.
Casting: Magic Dart (safe; 2% risk of failure)
Confirm with . or Enter, or press ? or * to list all spells.
Aiming: Magic Dart (safe; 2% risk of failure)
Press: ? - help, Shift-Dir - straight line, f/p - gnoll
Aim: a gnoll, wielding a +0 flail (severely wounded, 100% to hit)
The magic dart hits the gnoll.
The gnoll is severely wounded.
The gnoll closely misses you.
Casting: Magic Dart (safe; 2% risk of failure)
Confirm with . or Enter, or press ? or * to list all spells.
Aiming: Magic Dart (safe; 2% risk of failure)
Press: ? - help, Shift-Dir - straight line, f/p - gnoll
Aim: a gnoll, wielding a +0 flail (severely wounded, 100% to hit)
The magic dart hits the gnoll but does no damage.
The gnoll is severely wounded.
The gnoll hits you with a +0 flail! The gnoll hits you with a +0 flail.
The gnoll barely misses you. The gnoll misses you.
You climb upwards.
There is a stone staircase leading down here.
The gnoll closely misses you. The gnoll hits you with a +0 flail!
Ouch! That really hurt!
You die...

#.##.#...# #.###### #.#.#
#.##.#...# #......# #.#.#
#.##.....#########.## ##.#.#
##.##.....##.[.....).# #....#
#.........##.####.#..###..###
#############.##.# #.#..#<#....#
.......#....#.##.# ##.##.#.#.##.#
.#.....#.##.#..#g# #............#
...............g@# #.)#......####
.#...).#.##'##.### #..#..........
.#.....#.......#####..#.#####.###
.#.....#.............##.(.....#
.#.#####.......################
##........................#
########......##########.#
########......# #.#
#.....######### #.#


You could see 2 gnolls.

Vanquished Creatures
  Crazy Yiuf (D:2)
  Jessica (D:2)
  An orc wizard (D:3)
  A gnoll (D:4)
  2 adders
  A white imp (D:4)
  An ufetubus (D:4)
  A worm (D:4)
  3 dart slugs
  4 orcs (D:3)
  2 endoplasms (D:1)
  3 giant cockroaches
  6 hobgoblins
  3 jackals (D:3)
  A kobold (D:3)
  A quokka (D:2)
  8 ball pythons
  5 bats
  A frilled lizard (D:1)
  6 goblins
  6 rats
58 creatures vanquished.

Vanquished Creatures (others)
  4 plants (D:1)
4 creatures vanquished.

Grand Total: 62 creatures vanquished

Notes
Turn   | Place    | Note
-------+----------+-------------------------------------------
     0 | D:1      | psko the Spriggan Conjurer began the quest for the Orb.
     0 | D:1      | Reached XP level 1. HP: 9/9 MP: 5/5
   570 | D:1      | Reached XP level 2. HP: 13/13 MP: 2/6
   946 | D:1      | Found Vuriggoc's Antique Weapon Shop.
  1373 | D:2      | Found a faded altar of an unknown god.
  1373 | D:2      | Noticed Jessica
  1383 | D:2      | Killed Jessica
  1384 | D:2      | Reached XP level 3. HP: 16/16 MP: 1/8
  1390 | D:2      | Prayed at the altar of an unknown god.
  1390 | D:2      | Became a worshipper of Xom of Many Doors
  1633 | D:2      | XOM: divination: magic mapping
  1802 | D:2      | Reached XP level 4. HP: 17/21 MP: 0/10
  1906 | D:2      | XOM: silly message
  1999 | D:2      | Found a runed translucent door.
  2000 | D:2      | Noticed Crazy Yiuf
  2064 | D:2      | Killed Crazy Yiuf
  2130 | D:2      | XOM: divination: magic mapping
  2861 | D:3      | Reached XP level 5. HP: 24/24 MP: 7/12
  2906 | D:3      | XOM: cloud trail
  2973 | D:3      | XOM: give mutations
  2973 | D:3      | Gained mutation: Your movements are slightly less
                  | encumbered by armour. (ER -2) [Xom's grace]
  2973 | D:3      | Gained mutation: Your mind is acute. (Int +2) [Xom's grace]
  3276 | D:3      | XOM: cleaving
  3300 | D:3      | XOM: god gift: 22 stones
  3436 | D:3      | XOM: god gift: wand of iceblast (5)
  4185 | D:4      | XOM: 1-stop teleportation journey
  4353 | D:4      | Found a staircase to the Ecumenical Temple.
  4359 | Temple   | Entered the Ecumenical Temple
  4441 | Temple   | Fell from the grace of Xom
  4441 | Temple   | Became a worshipper of Ashenzari the Shackled
  4463 | Temple   | Fell from the grace of Ashenzari
  4463 | Temple   | Became a worshipper of Sif Muna the Loreminder
  4849 | D:3      | Slain by a gnoll

Illustrated notes

Levels and vault maps discovered:
D:1:      kennysheep_arrival_seaside, layout_loops_corners, serial_shops,
          nicolae_shop_crystal, minmay_misc_feat_nine_boxes,
          serial_bayou_crossing
D:2:      layout_rooms, hellmonk_ecumenical_altar_heavens_door,
          kennysheep_generic_room_13, uniq_jessica, uniq_crazy_yiuf_cottage
D:3:      layout_basic, minmay_splitting_lines
D:4:      layout_basic, minmay_temple_entry_enclosed_plants
Temple:   nicolae_temple_the_god_donut

Skill      XL: |  1  2  3  4 |
---------------+-------------+-----
Conjurations   | 3 4 |  4.1
Dodging        | 3 |  3.1
Spellcasting   | 3 4 |  4.8
Stealth        | |  3.4
Unarmed Combat | |  0.3

Action                   |  1- 3 |  4- 6 || total
-------------------------+-------+-------++-------
Melee: Unarmed           |    34 |       ||    34
       Punch             |     2 |       ||     2
 Cast: Magic Dart        |    63 |   109 ||   172
  Use: Scroll            |       |    14 ||    14
Armor: Robe              |     5 |       ||     5
Dodge: Dodged            |    21 |    13 ||    34
